 Dungeon Crawl Stone Soup version 0.23.2 (webtiles) character file.

Game seed: 16890322164940526759

23232 sanboga the Cleaver (level 13, -3/86 HPs)
             Began as a Gargoyle Berserker on Apr 5, 2019.
             Was a High Priest of Trog.
             Slain by a komodo dragon (15 damage)
             ... on level 1 of the Lair of Beasts on Apr 8, 2019.
             The game lasted 00:20:23 (13237 turns).

sanboga the Cleaver (Gargoyle Berserker)           Turns: 13237, Time: 00:20:24

Health: -3/86      AC: 31    Str: 26    XL:     13   Next: 5%
Magic:  13/13      EV:  8    Int: 14    God:    Trog [*****.]
Gold:   539        SH:  0    Dex:  9    Spells: 12/12 levels left

rFire    . . .     SeeInvis .   F - +4 war axe (curse)
rCold    + . .     Gourm    .   (no shield)
rNeg     + . .     Faith    .   a - +0 plate armour
rPois    ∞         Spirit   .   b - +1 helmet
rElec    +         Reflect  .   x - +2 cloak
rCorr    .         Harm     .   (no gloves)
MR       .....                  (no boots)
Stlth    ..........             (no amulet)
HPRegen  0.24/turn              f - ring of protection from cold
MPRegen  0.13/turn              G - +6 ring of intelligence

@: no status effects
A: negative energy resistance 1, electricity resistance, unbreathing,
petrification resistance, rot immunity, AC +9
a: Berserk, Trog's Hand, Brothers in Arms, Renounce Religion


You were on level 1 of the Lair of Beasts.
You worshipped Trog.
Trog was extremely pleased with you.
You were not hungry.

You visited 2 branches of the dungeon, and saw 12 of its levels.
You also visited: Ossuary.

You collected 629 gold pieces.
You spent 90 gold pieces at shops.

Inventory:

Hand Weapons
 A - a +6 antimagic battleaxe
 C - the +3 executioner's axe "Qoicoube" {venom, MR+ Int+2}
   (Trog gifted it to you on level 8 of the Dungeon)

   It poisons the flesh of those it strikes.
   It affects your intelligence (+2).
   It affects your resistance to hostile enchantments.
 F - a cursed +4 war axe (weapon)
Armour
 a - a +0 plate armour (worn)
 b - a +1 helmet (worn)
 x - a +2 cloak (worn)
Jewellery
 f - a ring of protection from cold (left hand)
 g - an uncursed ring of fire
 h - an uncursed ring of ice
 G - a +6 ring of intelligence (right hand)
 H - an uncursed ring of flight
Wands
 t - a wand of disintegration (22)
 u - a wand of random effects (38)
 v - a wand of clouds (12)
 B - a wand of iceblast (7)
 D - a wand of digging (5)
 E - a wand of acid (9)
Scrolls
 d - 4 scrolls of teleportation
 e - 14 scrolls of remove curse
 i - 3 scrolls of blinking
 j - 4 scrolls of identify
 n - 3 scrolls of enchant armour
 r - 2 scrolls of fog
 w - a scroll of magic mapping
 y - a scroll of fear
Potions
 k - 2 potions of cancellation
 l - a potion of invisibility
 m - 4 potions of heal wounds
 o - 7 potions of curing
 p - 6 potions of might
 q - 5 potions of mutation
Comestibles
 c - 18 rations
 s - 16 chunks of flesh


   Skills:
 + Level 12.1 Fighting
 * Level 13.8 Axes
 + Level 11.8 Armour
 - Level 1.5 Dodging


You had 12 spell levels left.
You didn't know any spells.
Your spell library was empty.

Dungeon Overview and Level Annotations

Branches:
Dungeon (11/15)            Temple (0/1) D:6            Lair (1/6) D:9
    Orc (0/2) D:9

Altars:
Ashenzari
Fedhas
Gozag
Hepliaklqana
Makhleb
Nemelex Xobeh
Okawaru
Qazlal
Ru
Xom
Zin

Shops:
D:8 !


Innate Abilities, Weirdness & Mutations

You are resistant to torment.
Your stone body is resilient. (AC +9)
You are immune to poison.
You resist negative energy. (rN+)
You are resistant to electric shocks. (rElec)
You can survive without breathing.
You are immune to petrification.
You are immune to rotting.


Message History

You are too injured to fight recklessly!
You are too injured to fight recklessly!
You are too injured to fight recklessly!
You barely miss the komodo dragon.
The komodo dragon bites you but does no damage.
You hit the komodo dragon but do no damage.
The komodo dragon barely misses you.
You slash the komodo dragon!
The komodo dragon is moderately wounded.
The komodo dragon bites you but does no damage.
Your plate armour prevents you from hitting the komodo dragon.
The komodo dragon is moderately wounded.
The komodo dragon bites you!
* * * LOW HITPOINT WARNING * * *
You slash the komodo dragon!
The komodo dragon is moderately wounded.
You hit the komodo dragon.
The komodo dragon is heavily wounded.
The komodo dragon bites you!
You die...

#.# # #.## ## #..# #.
#.## ## ## ###.# #
##.## #.#.#### # #...#
##..#..## #
#...#####...#.#
#.#..@..###...#
#..###l...##..####
###....####..#.....# #
#....÷.# #####..### #
##....#####......# #
#.#.........#...# #
#................... ..
##...#...P####P#.######
#######P## #####


You could see a komodo dragon.

Vanquished Creatures
  Erolcha (D:10)
  A hydra (Lair:1)
  5 two-headed ogres
  The ghost of drazt1k the Geomancer, a novice DgEE (D:9)
  5 death yaks (D:8)
  Urug (D:11)
  Nergalle (Lair:1)
  Maurice (D:8)
  Joseph (D:8)
  2 spiny frogs (Lair:1)
  3 komodo dragons (Lair:1)
  A merfolk (D:9)
  3 hippogriffs
  5 wraiths (D:9)
  A vampire (D:11)
  14 yaks
  A wyvern (D:9)
  2 hungry ghosts (D:7)
  Grum (D:9)
  A porcupine (Lair:1)
  3 sky beasts
  4 ice beasts
  A hornet zombie (D:8)
  6 orc warriors
  3 phantoms
  6 ogres
  A black bear (D:9)
  9 centaurs
  2 wolves (D:9)
  A crocodile (Lair:1)
  A big kobold (D:8)
  Blork the orc (D:5)
  5 bullfrogs
  An elf skeleton (D:7)
  A wyvern skeleton (D:7)
  2 scorpions
  8 killer bees
  4 wights (D:9)
  A howler monkey (D:10)
  5 jellies
  2 crimson imps
  A quasit (D:8)
  A lava snake (Lair:1)
  8 orc priests
  6 hounds
  3 bullfrog zombies
  3 bullfrog skeletons
  A human zombie (Ossuary)
  20 orc wizards
  5 centaur skeletons
  2 iguanas
  2 human skeletons (D:7)
  8 worker ants
  2 hound zombies (D:9)
  3 hound skeletons
  4 mummies (Ossuary)
  A worker ant zombie (D:8)
  7 gnolls (D:7)
  15 adders
  A shadow imp (D:7)
  An ooze (D:4)
  An adder zombie (D:9)
  2 adder skeletons
  4 worms
  9 leopard geckos
  44 orcs
  5 bats
  3 giant cockroaches
  3 gnoll zombies (Ossuary)
  4 hobgoblins
  26 jackals
  5 quokkas
  2 ball pythons
  3 frilled lizards
  5 goblins
  A hobgoblin zombie (Ossuary)
  A jackal skeleton (D:4)
  13 kobolds
  2 kobold zombies (Ossuary)
  3 orc skeletons (D:7)
  An orc zombie (Ossuary)
  A quokka zombie (D:6)
  8 rats
  A fungus (Lair:1)
  A plant (Lair:1)
360 creatures vanquished.

Vanquished Creatures (collateral kills)
  A hydra (D:11)
  A two-headed ogre (D:11)
  A yak (D:11)
  A bullfrog (D:11)
  A leopard gecko (D:11)
5 creatures vanquished.

Grand Total: 365 creatures vanquished

Notes
Turn   | Place    | Note
-------+----------+-------------------------------------------
     0 | D:1      | sanboga the Gargoyle Berserker began the quest for the Orb.
     0 | D:1      | Reached XP level 1. HP: 14/14 MP: 1/1
   272 | D:1      | Reached XP level 2. HP: 19/19 MP: 2/2
   272 | D:1      | Reached skill level 3 in Axes
   611 | D:2      | Reached XP level 3. HP: 18/23 MP: 3/3
  1042 | D:2      | Reached ** piety under Trog
  1079 | D:2      | Reached XP level 4. HP: 22/29 MP: 4/4
  1379 | D:3      | Reached skill level 4 in Axes
  1379 | D:3      | Reached XP level 5. HP: 7/33 MP: 5/5
  1585 | D:3      | Found a stormy altar of Qazlal.
  1599 | D:3      | Found a blossoming altar of Fedhas.
  1600 | D:3      | Found a burning altar of Makhleb.
  1601 | D:3      | Found a sacrificial altar of Ru.
  1604 | D:3      | Found a shattered altar of Ashenzari.
  2184 | D:3      | Found a hazy altar of Hepliaklqana.
  2528 | D:4      | Noticed a phantom
  2553 | D:4      | Killed a phantom
  2553 | D:4      | Reached XP level 6. HP: 28/39 MP: 6/6
  2683 | D:4      | Found an iron altar of Okawaru.
  2730 | D:4      | Reached *** piety under Trog
  3030 | D:4      | Reached skill level 5 in Axes
  3113 | D:5      | Entered Level 5 of the Dungeon
  3147 | D:5      | Reached skill level 5 in Fighting
  3165 | D:5      | Reached XP level 7. HP: 44/44 MP: 7/7
  3313 | D:5      | Found a shimmering altar of Xom.
  3374 | D:5      | Found a glowing silver altar of Zin.
  3375 | D:5      | Found an opulent altar of Gozag.
  3587 | D:5      | Reached skill level 6 in Axes
  3592 | D:5      | Reached skill level 5 in Armour
  3615 | D:5      | Noticed Blork the orc
  3628 | D:5      | Killed Blork the orc
  3628 | D:5      | Reached XP level 8. HP: 25/51 MP: 8/8
  4503 | D:6      | Reached **** piety under Trog
  4579 | D:6      | Reached skill level 7 in Axes
  5078 | D:6      | Found a staircase to the Ecumenical Temple.
  6047 | D:7      | Reached XP level 9. HP: 56/56 MP: 9/9
  6074 | D:7      | Reached skill level 8 in Axes
  6076 | D:7      | Found a sparkling altar of Nemelex Xobeh.
  6222 | D:7      | Found a sand-covered staircase.
  6227 | Ossuary  | Entered an ossuary
  7240 | D:7      | Reached ***** piety under Trog
  7240 | D:7      | Reached skill level 9 in Axes
  7532 | D:8      | Reached XP level 10. HP: 26/64 MP: 10/10
  7790 | D:8      | Noticed a two-headed ogre
  7803 | D:8      | Killed a two-headed ogre
  7975 | D:8      | Found Yffycs Qudgh's Distillery.
  7979 | D:8      | Bought 2 potions of flight for 90 gold pieces
  8144 | D:8      | Reached skill level 10 in Axes
  8473 | D:8      | Noticed Maurice
  8498 | D:8      | Killed Maurice
  8641 | D:8      | Noticed Joseph
  8659 | D:8      | Killed Joseph
  8714 | D:8      | Received a gift from Trog
  8726 | D:8      | Got a transparent executioner's axe {god gift}
  8727 | D:8      | Identified the +3 executioner's axe "Qoicoube" {venom, MR+
                  | Int+2} (Trog gifted it to you on level 8 of the Dungeon)
  8910 | D:9      | Found a runed translucent gate.
  8910 | D:9      | Found a runed translucent gate.
  8911 | D:9      | Found a runed translucent gate.
  8912 | D:9      | Noticed drazt1k's ghost (novice DgEE)
  9016 | D:9      | Noticed Grum
  9017 | D:9      | Found a staircase to the Orcish Mines.
  9026 | D:9      | Killed Grum
  9069 | D:9      | Noticed a two-headed ogre
  9082 | D:9      | Killed a two-headed ogre
  9082 | D:9      | Reached skill level 11 in Axes
  9082 | D:9      | Reached XP level 11. HP: 15/72 MP: 11/11
  9716 | D:9      | Noticed a death yak
  9716 | D:9      | Noticed a death yak
  9716 | D:9      | Noticed a death yak
  9716 | D:9      | Noticed a death yak
  9716 | D:9      | Noticed a death yak
  9789 | D:9      | Reached skill level 10 in Fighting
  9852 | D:8      | Killed a death yak
 10052 | D:8      | Killed a death yak
 10197 | D:8      | Killed a death yak
 10197 | D:8      | Reached skill level 10 in Armour
 10202 | D:8      | Killed a death yak
 10427 | D:8      | Killed a death yak
 10427 | D:8      | Reached skill level 12 in Axes
 10558 | D:9      | Found a staircase to the Lair.
 10648 | D:9      | Killed drazt1k's ghost
 10855 | D:10     | Entered Level 10 of the Dungeon
 11000 | D:10     | Reached XP level 12. HP: 74/79 MP: 12/12
 11106 | D:10     | You fall through a shaft!
 11106 | D:11     | Noticed an eight-headed hydra
 11211 | D:10     | Noticed a two-headed ogre
 11219 | D:10     | Killed a two-headed ogre
 11495 | D:10     | Noticed Erolcha
 11503 | D:10     | Killed Erolcha
 11730 | D:11     | Received a gift from Trog
 11968 | D:11     | Noticed a two-headed ogre
 11983 | D:11     | Killed a two-headed ogre
 12022 | D:11     | Killed a ten-headed hydra
 12022 | D:11     | Noticed a two-headed ogre
 12025 | D:11     | Killed a two-headed ogre
 12033 | D:11     | Noticed Urug
 12035 | D:11     | Reached skill level 13 in Axes
 12051 | D:11     | Killed Urug
 12161 | D:11     | Noticed a two-headed ogre
 12177 | D:11     | Killed a two-headed ogre
 12704 | D:11     | Identified a scroll of acquirement
 12786 | Lair:1   | Entered Level 1 of the Lair of Beasts
 12786 | Lair:1   | Noticed Nergalle
 12805 | Lair:1   | Killed Nergalle
 12814 | Lair:1   | Noticed a seven-headed hydra
 12864 | Lair:1   | Killed a 14-headed hydra
 13199 | Lair:1   | Reached XP level 13. HP: 63/86 MP: 13/13
 13237 | Lair:1   | Slain by a komodo dragon

Skill      XL: |  1  2  3  4  5  6  7  8  9 10 11 12 |
---------------+-------------------------------------+-----
Axes           | 3 4 5 6 7 9 11 12 13 | 13.8
Armour         | 3 4 5 6 7 9 10 11 | 11.8
Fighting       | 4 5 6 8 9 10 12 | 12.1
Dodging        | |  1.5

Action                   |  1- 3 |  4- 6 |  7- 9 | 10-12 | 13-15 || total
-------------------------+-------+-------+-------+-------+-------++-------
Melee: Hand axe          |    94 |   221 |   112 |       |       ||   427
       War axe           |       |       |   397 |   642 |    24 ||  1063
Invok: Berserk           |       |     1 |     6 |    11 |       ||    18
       Brothers in Arms  |       |       |       |     1 |       ||     1
Evoke: Wand              |       |       |       |     2 |       ||     2
  Use: Scroll            |     5 |     8 |     7 |     6 |       ||    26
       Potion            |     1 |     2 |     2 |     2 |       ||     7
  Eat: Chunk             |     1 |     4 |    15 |    22 |       ||    42
       Ration            |       |     1 |     3 |     2 |       ||     6
Armor: Chain mail        |    50 |   165 |   114 |       |       ||   329
       Animal skin       |     2 |       |       |       |       ||     2
       Plate armour      |       |       |   327 |   525 |    15 ||   867
Dodge: Dodged            |    45 |    93 |   209 |   270 |     7 ||   624
